 Dungeon Crawl Stone Soup version 0.15.0-8-gb109cf8 (webtiles) character file.

237 Kashira the Sneak (level 6, -1/50 HPs)
             Began as a Naga Enchanter on Aug 30, 2014.
             Was an Initiate of Qazlal.
             Slain by an orc
             ... wielding a cursed +0 mace
              (8 damage)
             ... on Level 5 of the Dungeon.
             The game lasted 00:23:43 (2647 turns).

Kashira the Sneak (Naga Enchanter)                  Turns: 2647, Time: 00:23:43

HP  -1/50        AC  4     Str 11      XL: 6   Next:  6%
MP  17/22        EV 10     Int 16      God: Qazlal [......]
Gold 135         SH  0     Dex 12      Spells:  3 memorised,  6 levels left

rFire  . . .     SeeInvis +     m - -2 blowgun (curse)
rCold  . . .     Clarity  .     b - +1 robe
rNeg   . . .     rCorr    .     (no shield)
rPois  +         rRot     .     (no helmet)
rElec  .         Spirit   .     (no cloak)
SustAb .         Warding  .     (no gloves)
rMut   .         Stasis   .     (no barding)
Gourm  +                        f - amulet of the gourmand
MR     .....                    (no ring)
                                o - ring of magical power

@: about to teleport, very slightly contaminated, very slow, not resistant to
hostile enchantments, fairly stealthy
A: spit poison, see invisible, deformed body, poison resistance, slowness 2, AC
+2
a: Spit Poison, Renounce Religion


You were on level 5 of the Dungeon.
You worshipped Qazlal.
Qazlal was noncommittal.
You were very hungry.

You visited 1 branch of the dungeon, and saw 5 of its levels.

You collected 135 gold pieces.

Inventory:

Hand weapons
 a - a +1 dagger
 k - a +1 dagger of draining
 m - a cursed -2 blowgun (weapon)
Missiles
 v - 12 poisoned needles (quivered)
Armour
 b - a +1 robe (worn)
Magical devices
 x - a wand of teleportation (4)
Comestibles
 d - a bread ration
 p - 2 beef jerkies
 z - a meat ration
 B - a chunk of hobgoblin flesh
Scrolls
 g - 3 scrolls of identify
 y - a scroll of amnesia
Jewellery
 f - an amulet of the gourmand (around neck)
 h - an uncursed ring of stealth {unknown}
 j - an uncursed amulet of stasis
 o - a ring of magical power (left hand)
 s - an uncursed ring of teleportation
Potions
 i - a potion of curing {unknown}
 l - a potion of mutation {unknown}
 n - a potion of haste {unknown}
 q - a potion of resistance {unknown}
 w - 2 potions of restore abilities {unknown}
Books
 c - a book of Maledictions

   Spells                             Type                      Level
   *Corona                            Hexes                        1
   *Sure Blade                        Hexes/Charms                 2
   Ensorcelled Hibernation            Hexes/Ice                    2
   *Confuse                           Hexes                        3
   Dazzling Spray                     Conjuration/Hexes            3
   Enslavement                        Hexes                        4


   Skills:
 + Level 0.8 Fighting
 + Level 1.0 Short Blades
 + Level 0.8 Throwing
 + Level 2.1 Dodging
 + Level 5.6 Stealth
 + Level 3.7 Spellcasting
 + Level 4.2 Hexes
 + Level 0.2 Charms
 + Level 0.2 Evocations


You had 6 spell levels left.
You knew the following spells:

 Your Spells              Type           Power        Failure   Level  Hunger
a - Corona                Hex            ###....      3%          1    None
b - Sure Blade            Hex/Chrm       ##........   12%         2    ##.....
c - Confuse               Hex            ###.....     12%         3    ###....


Dungeon Overview and Level Annotations

Branches:
Dungeon (5/15)
 Temple: D:4-7

Altars:
Elyvilon
Nemelex Xobeh
Qazlal
Trog
Xom
Zin

Portals:
Ossuary: D:4

Annotations:
D:3 Kashira's ghost, average NaEn


Innate Abilities, Weirdness & Mutations

You cannot wear boots.
You can spit poison.
Your serpentine skin is tough (AC +2).
You have supernaturally acute eyesight.
Armour fits poorly on your strangely shaped body.
Your system is resistant to poisons.
You cover ground very slowly.


Message History

As you open the door, it creaks loudly! The orc hits you but does no damage.
Some of the chunks of flesh in your inventory have rotted away.
Found an escape hatch in the floor.
The orc closely misses you.
There is an open door here.
The orc closely misses you.
Found a sand-covered staircase.
There is an escape hatch in the floor here.
The orc hits you with a mace.
* * * LOW HITPOINT WARNING * * *
You slide downwards.
The hatch slams shut behind you. 2 orcs come into view.
Found a leather armour and a scroll labeled GUADISKYUWY.
Found a stone staircase leading up.
Read which item? (? for menu, Esc to quit)
As you read the scroll of teleportation, it crumbles to dust.
You feel strangely unstable. The orc closely misses you.
The orc hits you with a mace!
You die...

###
........
........<
.....?.
......
....
######..#
#........#
#o@# #.##
#o# [o#
####


You could see 3 orcs.

Vanquished Creatures
  A scorpion (D:4)
  An orc wizard (D:3)
  A gnoll shaman (D:3)
  5 gnolls
  2 adders
  4 giant geckos
  An ooze (D:2)
  7 orcs (D:3)
  3 ball pythons
  9 bats
  5 giant cockroaches
  6 hobgoblins
  5 jackals
  A quokka (D:3)
  2 giant newts (D:1)
  4 goblins
  8 kobolds
  6 rats
71 creatures vanquished.

Vanquished Creatures (others)
  5 toadstools (D:1)
5 creatures vanquished.

Grand Total: 76 creatures vanquished

Notes
Turn   | Place    | Note
--------------------------------------------------------------
     0 | D:1      | Kashira, the Naga Enchanter, began the quest for the Orb.
     0 | D:1      | Reached XP level 1. HP: 15/15 MP: 3/3
   243 | D:1      | Reached XP level 2. HP: 22/22 MP: 4/4
   253 | D:1      | Learned a level 2 spell: Sure Blade
   716 | D:2      | Reached XP level 3. HP: 26/28 MP: 6/6
   721 | D:2      | Learned a level 3 spell: Confuse
  1063 | D:2      | Found a sparkling altar of Nemelex Xobeh.
  1228 | D:3      | Noticed Kashira's ghost (average NaEn)
  1326 | D:3      | Found a glowing silver altar of Zin.
  1358 | D:3      | Found a bloodstained altar of Trog.
  1396 | D:3      | Reached skill level 5 in Stealth
  1491 | D:3      | Found a white marble altar of Elyvilon.
  1526 | D:3      | Reached XP level 4. HP: 19/37 MP: 7/8
  2024 | D:3      | Reached XP level 5. HP: 43/43 MP: 11/11
  2432 | D:4      | Noticed a phantom
  2456 | D:4      | Found a stormy altar of Qazlal.
  2468 | D:4      | Became a worshipper of Qazlal Stormbringer
  2543 | D:4      | Reached XP level 6. HP: 27/50 MP: 2/13
  2633 | D:4      | Found a shimmering altar of Xom.
  2642 | D:4      | Found a sand-covered staircase.
  2645 | D:5      | Entered Level 5 of the Dungeon
  2647 | D:5      | Slain by an orc

Action                   |  1- 3 |  4- 6 || total
-------------------------+-------+-------++-------
Melee: Dagger            |    52 |    54 ||   106
 Fire: Blowgun           |       |     4 ||     4
Throw: Tomahawk          |       |    18 ||    18
 Cast: Sure Blade        |     3 |     1 ||     4
       Confuse           |     5 |    15 ||    20
       Corona            |       |     1 ||     1
 Abil: Spit Poison       |    39 |    26 ||    65
       Evoke Teleportati |     2 |       ||     2
Evoke: Wand              |     1 |       ||     1
  Use: Scroll            |     4 |     3 ||     7
       Potion            |       |     1 ||     1
 Stab: Sleeping          |     2 |       ||     2
       Confused          |     2 |       ||     2
  Eat: Chunk             |     3 |     3 ||     6
       Meat ration       |     1 |       ||     1
